 Dungeon Crawl Stone Soup version 0.29-a0-559-g359e09b9d1 (webtiles) character file.

Game seed: 6525816372373318862

11327 Essalna the Transmogrifier (level 11, -3/94 HPs)
             Began as a White Draconian Transmuter on June 10, 2022.
             Was an Initiate of Gozag.
             Slain by a blink frog (8 damage)
             ... on level 2 of the Lair of Beasts.
             The game lasted 00:25:19 (11922 turns).

Essalna the Transmogrifier (DrTm)                  Turns: 11922, Time: 00:25:20

Health: -3/94      AC: 11    Str: 12    XL:     11   Next: 47%
Magic:  13/14      EV: 18    Int: 18    God:    Gozag
Gold:   944        SH:  0    Dex: 12    Spells: 3/14 levels left

rFire   . . .      SeeInvis .   F - staff of cold
rCold   + + .      Faith    .   (no shield)
rNeg    . . .      Spirit   .   (body armour unavailable)
rPois   .          Reflect  .   (helmet currently unavailable)
rElec   .          Harm     .   (no cloak)
rCorr   .          Rampage  .   (no gloves)
Will    .....                   (boots currently unavailable)
Stlth   +.........              (no amulet)
HPRegen 0.25/turn               u - +4 ring of protection
MPRegen 0.14/turn               h - +4 ring of evasion

@: lethally poisoned (-3 -> -17), appendages
A: horns 2, talons 2, breathe frost, AC +7, unfitting armour, cold resistance 1,
cold-blooded
a: Breathe Frost, End Transformation, Renounce Religion, Potion Petition, Call
Merchant, Bribe Branch


You were on level 2 of the Lair of Beasts.
You worshipped Gozag.
Gozag was pleased with you.
You had temporarily grown beastly horns and talons.
You visited 3 branches of the dungeon, and saw 11 of its levels.
You also visited: Sewer, Ossuary and Bailey.

You collected 1145 gold pieces.
You paid 201 gold pieces to Gozag.

Inventory:

Armour
 E - a +1 buckler of fire resistance
Magical Staves
 F - a staff of cold (weapon)
Jewellery
 h - a +4 ring of evasion (right hand)
 j - a ring of resist corrosion
 p - a ring of fire
 u - a +4 ring of protection (left hand)
 J - a +6 ring of strength
Wands
 r - a wand of iceblast (19)
 t - a wand of digging (5)
 y - a wand of polymorph (7)
 A - a wand of flame (36)
Scrolls
 b - 4 scrolls of amnesia
 e - 13 scrolls of identify
 i - 5 scrolls of noise
 m - 2 scrolls of enchant armour
 o - 6 scrolls of poison {unknown}
 q - 2 scrolls of blinking
 s - 2 scrolls of fear {unknown}
 w - 2 scrolls of teleportation {unknown}
 x - a scroll of vulnerability {unknown}
 B - a scroll of silence {unknown}
 C - 2 scrolls of enchant weapon
 G - a scroll of brand weapon {unknown}
 H - 3 scrolls of fog {unknown}
Potions
 a - 4 potions of lignification
 c - 3 potions of mutation
 d - 5 potions of flight
 f - 5 potions of heal wounds {unknown}
 g - 4 potions of resistance {unknown}
 k - a potion of might {unknown}
 l - 7 potions of haste
 n - 3 potions of attraction {unknown}
 v - 2 potions of cancellation {unknown}
 z - 3 potions of curing
 D - 4 potions of magic {unknown}
 I - a potion of invisibility {unknown}


   Skills:
 + Level 8.0 Fighting
 + Level 6.7 Dodging
 + Level 7.8 Unarmed Combat
 - Level 2.0 Spellcasting
 + Level 10.0 Transmutations
 - Level 9.3 Ice Magic
 + Level 5.2 Earth Magic


You had 3 spell levels left.
You knew the following spells:

 Your Spells              Type           Power      Damage    Failure   Level
a - Beastly Appendage     Tmut           74%        N/A       1%          1
b - Ice Form              Ice/Tmut       53%        N/A       3%          4
c - Statue Form           Tmut/Erth      19%        N/A       77%         6

Your spell library contained the following spells:

 Spells                   Type           Power      Damage    Failure   Level
 Wereblood                Tmut           37%        N/A       1%          2
 Sting                    Tmut/Pois      76%        1d6       2%          1
 Spider Form              Tmut/Pois      19%        N/A       7%          3
 Magic Dart               Conj           4%         1d3       19%         1
 Call Imp                 Summ           1%         N/A       26%         2
 Poisonous Vapours        Pois/Air       2%         N/A       26%         2
 Mephitic Cloud           Conj/Pois/Air  1%         N/A       47%         3
 Petrify                  Tmut/Erth      29%        N/A       8%          4
 Metabolic Englaciation   Hex/Ice        13%        N/A       58%         5
 Olgreb's Toxic Radiance  Pois           1%         N/A       87%         4


Dungeon Overview and Level Annotations

Branches:
Dungeon (8/15)             Temple (1/1) D:5            Lair (1/6) D:8
  Sewer (visited)         Ossuary (visited)          Bailey (visited)

Altars:
Ashenzari
Cheibriados
Dithmenos
Elyvilon
Fedhas
Gozag
Hepliaklqana
Kikubaaqudgha
Makhleb
Nemelex Xobeh
Okawaru
Qazlal
Ru
Sif Muna
Trog
Uskayaw
Vehumet
Wu Jian
Xom
Yredelemnul
Zin
The Shining One

Shops:
D:5 ?(:?


Innate Abilities, Weirdness & Mutations

You have temporarily grown beastly horns and talons.
You can breathe waves of freezing cold which knock back foes.
Your icy white scales are hard. (AC +7)
You cannot fit into any form of body armour.
Your flesh is cold resistant. (rC+)
You are cold-blooded and may be slowed by cold attacks.


Message History

You completely miss the black mamba. The black mamba bites you.
You are poisoned.
The black mamba poisons you! The blink frog closely misses you.
The blink frog blinks!
The black mamba barely misses you.
The blink frog blinks!
You closely miss the black mamba.
You feel very sick. The black mamba barely misses you.
You closely miss the black mamba.
You feel very sick. The black mamba bites you.
You are more poisoned.
The black mamba poisons you!
The black mamba bites you but does no damage.
You closely miss the black mamba.
You warm up again.
Your staff of cold unmelds from your body.
You feel extremely sick. The black mamba bites you!
The blink frog blinks!
Casting: Ice Form (dangerous; 3% risk of failure)
Confirm with . or Enter, or press ? or * to list all spells.
You grow a pair of large bovine horns.
Your feet morph into talons.
You feel extremely sick. The black mamba closely misses you.
The black mamba misses you.
You hit the black mamba but do no damage.
Your kick misses the black mamba. You tail-slap the black mamba.
The black mamba is lightly wounded.
You feel extremely sick. The black mamba misses you.
The blink frog completely misses you. The black mamba misses you.
You hit the black mamba. Your kick misses the black mamba.
The black mamba is lightly wounded.
You feel very sick. The black mamba barely misses you. The blink frog hits you!
* * * LOW HITPOINT WARNING * * *
The black mamba bites you!
* * * LOW HITPOINT WARNING * * *
The blink frog hits you!
You die...
Your body crumbles into a pile of gold.

....... .......
#### ....... .#.
.......
..#.......
.F......#
#SF...... ###@#
###..###
##..$..P##
#........### ##
#.......^..###.##
#...............#
#..........#...##
#.............##
#.............#


You could see a black mamba and 2 blink frogs.

Vanquished Creatures
  Maurice (D:8)
  A gargoyle (Bailey)
  4 cane toads
  2 komodo dragons (Lair:1)
  11 blink frogs
  Sigmund (D:5)
  A vampire (Bailey)
  8 yaks
  7 basilisks (Lair:1)
  2 water moccasins (Lair:1)
  3 orc warriors
  A sky beast (D:6)
  3 ice beasts
  A black bear (D:5)
  An elf zombie (Ossuary)
  7 kobold brigands
  6 bullfrogs
  A necrophage (D:4)
  2 gnoll sergeants (D:5)
  5 scorpions
  6 wights (D:8)
  3 killer bees (D:5)
  8 vampire bats (Bailey)
  3 wolf zombies (Bailey)
  3 gnoll shamans
  2 hounds
  4 jellies
  4 orc priests
  An iron imp (D:7)
  4 iguanas
  12 orc wizards
  3 hound zombies (Ossuary)
  4 mummies (Ossuary)
  11 gnolls
  4 adders
  2 river rats
  3 shadow imps
  A white imp (D:6)
  An ufetubus (D:5)
  2 worms
  A dart slug (D:4)
  36 orcs
  4 bats
  20 endoplasms
  4 giant cockroaches
  9 goblins
  13 hobgoblins
  A jackal (Sewer)
  18 kobolds
  2 quokkas
  5 ball pythons
  2 frilled lizards
  A goblin zombie (D:7)
  2 hobgoblin zombies
  3 jackal zombies (Ossuary)
  3 kobold skeletons (D:7)
  2 kobold zombies (D:7)
  An orc skeleton (D:7)
  20 orc zombies
  11 rats
  2 rat zombies (Ossuary)
  A spectral goblin (D:3)
310 creatures vanquished.

Vanquished Creatures (others)
  An orc wizard (D:6)
  4 fungi
  8 plants
  6 toadstools (D:3)
19 creatures vanquished.

Grand Total: 329 creatures vanquished

Notes
Turn   | Place    | Note
-------+----------+-------------------------------------------
     0 | D:1      | Essalna the Draconian Transmuter began the quest for the
                  | Orb.
     0 | D:1      | Reached XP level 1. HP: 16/16 MP: 3/3
   181 | D:1      | Reached XP level 2. HP: 23/23 MP: 3/5
   486 | D:1      | Found a faded altar of an unknown god.
   781 | D:2      | Reached XP level 3. HP: 29/29 MP: 4/6
   784 | D:2      | Found a stormy altar of Qazlal.
  1523 | D:3      | Reached XP level 4. HP: 3/36 MP: 7/7
  1528 | D:3      | Learned a level 4 spell: Ice Form
  1976 | D:3      | Reached skill level 3 in Transmutations
  1976 | D:3      | Reached skill level 1 in Ice Magic
  2001 | D:3      | Reached XP level 5. HP: 39/41 MP: 6/8
  2417 | D:3      | Found a hazy altar of Hepliaklqana.
  2582 | D:4      | Identified the +3 flail "Wianiop" {flame, rF+ Int+2 Dex+4}
  2642 | D:4      | Found a glowing drain.
  2678 | Sewer    | Entered a sewer
  2686 | Sewer    | Reached skill level 4 in Transmutations
  2814 | Sewer    | Reached XP level 6. HP: 23/48 MP: 7/9
  3035 | Sewer    | Found a white marble altar of Elyvilon.
  3303 | D:4      | Found a bloodstained altar of Trog.
  3789 | D:5      | Entered Level 5 of the Dungeon
  3789 | D:5      | Noticed Sigmund
  3797 | D:5      | Killed Sigmund
  3798 | D:5      | Reached skill level 5 in Transmutations
  3798 | D:5      | Your scales start taking on an icy white colour.
  3798 | D:5      | Reached skill level 5 in Ice Magic
  3798 | D:5      | Reached XP level 7. HP: 53/55 MP: 8/10
  3798 | D:5      | Gained mutation: Your flesh is cold resistant. (rC+) [White
                  | Draconian growth]
  3882 | D:5      | Found a sacrificial altar of Ru.
  3907 | D:5      | Reached skill level 6 in Transmutations
  4660 | D:5      | Found a staircase to the Ecumenical Temple.
  4669 | Temple   | Entered the Ecumenical Temple
  4858 | D:5      | Reached XP level 8. HP: 61/61 MP: 9/11
  4943 | D:5      | Found Qinnegess's Magic Scroll Shop.
  4985 | D:5      | Found Duosk's Antique Weapon Boutique.
  4988 | D:5      | Found Nosaih's Magic Scroll Shoppe.
  4988 | D:5      | Found Zirpher's Book Emporium.
  5123 | D:5      | Reached skill level 7 in Transmutations
  5432 | D:5      | Found an ancient bone altar of Kikubaaqudgha.
  5985 | D:6      | Found the +7 Throatcutter {drain, coup de grace}
  6018 | D:6      | Reached XP level 9. HP: 58/70 MP: 10/12
  6717 | D:7      | Reached skill level 8 in Transmutations
  6733 | D:7      | Found a sand-covered staircase.
  6738 | D:7      | Reached skill level 5 in Unarmed Combat
  6751 | Ossuary  | Entered an ossuary
  7583 | D:7      | Found a glowing golden altar of the Shining One.
  7589 | D:7      | Reached skill level 5 in Fighting
  8201 | D:7      | Found a snail-covered altar of Cheibriados.
  8285 | D:8      | Learned a level 6 spell: Statue Form
  8407 | D:8      | Found a staircase to the Lair.
  8448 | D:8      | Found an opulent altar of Gozag.
  8454 | D:8      | Found a flagged portal.
  8458 | D:8      | Became a worshipper of Gozag Ym Sagoz the Greedy
  8472 | Bailey   | Entered a bailey
  8845 | Bailey   | Reached skill level 1 in Earth Magic
  8956 | Bailey   | Reached XP level 10. HP: 80/81 MP: 11/13
  9182 | Bailey   | Noticed a gargoyle
  9190 | Bailey   | Killed a gargoyle
  9191 | Bailey   | Reached skill level 5 in Dodging
  9367 | Bailey   | Identified the +3 scale mail of the Original Sin {Int+4}
  9644 | D:8      | Noticed Maurice
  9659 | D:8      | Killed Maurice
 10225 | Lair:1   | Entered Level 1 of the Lair of Beasts
 10231 | Lair:1   | Reached skill level 9 in Transmutations
 10273 | Lair:1   | Noticed a cane toad
 10281 | Lair:1   | Killed a cane toad
 10371 | Lair:1   | Noticed a cane toad
 10383 | Lair:1   | Killed a cane toad
 10817 | Lair:1   | Reached XP level 11. HP: 92/92 MP: 9/14
 11787 | Lair:1   | You fall into a shaft and drop 1 floor!
 11882 | Lair:2   | Reached skill level 5 in Earth Magic
 11898 | Lair:2   | Reached skill level 10 in Transmutations
 11922 | Lair:2   | Slain by a blink frog

Illustrated notes

Levels and vault maps discovered:
D:1:      eino_arrival_cavern_a, layout_rooms,
          shapermc_ecumenical_altar_acropolis
D:2:      cheibrodos_old_hovel, layout_rooms, basic_altar, grunt_decor_cap,
          st_stairs_4
D:3:      cheibrodos_fertilizer, layout_rooms,
          nicolae_hepliaklqana_monster_ancestors
D:4:      layout_loops_ring, trog_hazing_becter, portal_sewer_entry_b
D:5:      layout_rooms, mainiacjoe_overflow_concentric_impassable,
          temple_fountains, nicolae_wooded_promenade, minmay_ruined_shrine,
          uniq_sigmund
D:6:      layout_basic, dilly_guarded_unrand_throatcut
D:7:      layout_basic, nicolae_tso_besieged_by_evil, kennysheep_mini_moat,
          enter_ossuary_1, kennysheep_generic_room_12
D:8:      nicolae_BIG_FREAKIN_CUBE, layout_cave_pools,
          nicolae_gozag_seed_capital, lair_entry_dummy, enter_bailey_5,
          uniq_maurice
Temple:   nicolae_temple_elliptical
Lair:1:   beast_lair_carwin_large_2, layout_regular_city, lemuel_fruit_tree
Lair:2:   layout_cave_pods, uniq_urug

Skill      XL: |  1  2  3  4  5  6  7  8  9 10 11 |
---------------+----------------------------------+-----
Dodging        | 2 3 4 6 |  6.7
Fighting       | 2 3 5 7 8 |  8.0
Transmutations | 3 4 5 6 7 8 9 10 | 10.0
Ice Magic      | 1 3 5 7 8 9 |  9.3
Unarmed Combat | 4 5 7 |  7.8
Earth Magic    | 1 4 5 |  5.2
Spellcasting   | |  2.0

Action                   |  1- 3 |  4- 6 |  7- 9 | 10-12 || total
-------------------------+-------+-------+-------+-------++-------
Melee: Unarmed           |   102 |   158 |   480 |   264 ||  1004
       Kick              |    23 |    51 |    41 |    10 ||   125
       Tailslap          |     9 |    20 |    24 |     4 ||    57
       Headbutt          |    16 |    30 |    30 |     4 ||    80
       Punch             |     1 |     2 |     3 |       ||     6
       Staff             |       |       |       |     2 ||     2
 Cast: Beastly Appendage |    27 |    23 |    27 |     1 ||    78
       Ice Form          |       |       |    30 |    18 ||    48
 Abil: Breathe Frost     |       |       |    15 |     1 ||    16
  Use: Scroll            |       |     5 |     3 |       ||     8
       Potion            |       |       |     3 |       ||     3
 Stab: Sleeping          |     1 |       |       |       ||     1
       Distracted        |       |       |     1 |     1 ||     2
Armor: Skin              |    24 |    24 |   221 |   101 ||   370
Dodge: Dodged            |    71 |   116 |   405 |   194 ||   786

Table legend: (Time is in decaauts)
 A = Elapsed time spent in this place.
 B = Non-inter-level travel time spent in this place.
 C = Inter-level travel time spent in this place.
 D = Time resting spent in this place.
 E = Time spent auto-exploring this place.
 F = Levels seen in this place.
 G = Mean time per level.
                   A        B        C        D        E       F      G
               +--------+--------+--------+--------+--------+-----+--------+
         Total |  11842 |  11327 |    515 |      0 |   9026 |  14 |  845.9 |
       Dungeon |   8099 |   7607 |    492 |      0 |   6086 |   8 | 1012.4 |
        Temple |    170 |    147 |     23 |      0 |    132 |   1 |  170.0 |
          Lair |   1680 |   1680 |      0 |      0 |   1354 |   2 |  840.0 |
         Sewer |    421 |    421 |      0 |      0 |    356 |   1 |  421.0 |
       Ossuary |    459 |    459 |      0 |      0 |    363 |   1 |  459.0 |
        Bailey |   1011 |   1011 |      0 |      0 |    734 |   1 | 1011.0 |
               +--------+--------+--------+--------+--------+-----+--------+

Top non-repeatable levels by time:
  Lair:1: 1551 daAuts
     D:5: 1422 daAuts
     D:3: 1281 daAuts
     D:6: 1147 daAuts
     D:4: 1057 daAuts
     D:7: 1038 daAuts
  Bailey: 1011 daAuts
     D:8: 973 daAuts
     D:1: 663 daAuts
     D:2: 516 daAuts
 Ossuary: 459 daAuts
   Sewer: 421 daAuts
  Temple: 170 daAuts
  Lair:2: 129 daAuts
